 Dungeon Crawl Stone Soup version 0.31-a0-175-g9f7f995f2b (webtiles) character file.

Game seed: 1097350759903765063

5405 pokeman the Thaumaturge (level 10, -22/56 HPs)
             Began as a Deep Elf Hedge Wizard on June 17, 2023.
             Was a Priest of Vehumet.
             Annihilated by a two-headed ogre
             ... wielding a +0 giant club
              (29 damage)
             ... on level 8 of the Dungeon.
             The game lasted 00:22:11 (7949 turns).

pokeman the Thaumaturge (Deep Elf Hedge Wizard)     Turns: 7949, Time: 00:22:12

Health: -22/56     AC: 10    Str:  7    XL:     10   Next: 40%
Magic:  27/29      EV: 13    Int: 30    God:    Vehumet [***...]
Gold:   365        SH:  0    Dex: 14    Spells: 27/35 levels left

rFire   . . .        u - +1 sling (elec)
rCold   . . .        (no shield)
rNeg    . . .        J - +0 steam dragon scales
rPois   .            C - +0 helmet
rElec   .            n - +0 cloak {rCorr}
rCorr   +            A - +1 pair of gloves
SInv    .            (no boots)
Will    +....        x - amulet of magic regeneration
Stlth   ++           i - +6 ring of intelligence
HPRegen 0.29/turn    e - ring of flight
MPRegen 0.61/turn

%: no passive effects
@: on blink cooldown, flying
A: no striking features
a: Renounce Religion


You were on level 8 of the Dungeon.
You worshipped Vehumet.
Vehumet was most pleased with you.
You visited 1 branch of the dungeon, and saw 9 of its levels.

You collected 365 gold pieces.

Inventory:

Hand Weapons
 c - a +1 dagger of venom
 m - a +3 quarterstaff of chaos
 u - a +1 sling of electrocution (weapon)
Armour
 b - a +2 robe of fire resistance
 k - an orb of mayhem
 n - a +0 cloak of preservation (worn)
 A - a +1 pair of gloves (worn)
 C - a +0 helmet (worn)
 J - +0 steam dragon scales (worn)
Magical Staves
 L - the staff of air "Vomy" {Fragile Fly rElec rCorr Str+5}
   (You found it on level 9 of the Dungeon)

   [staff of air]

   Base accuracy: +5 Base damage: 5 Base attack delay: 1.2 This weapon's minimum
   attack delay (0.6) is reached at skill level 12.
   Str:       It affects your strength (+5).
   rElec:     It insulates you from electricity.
   Fly:       It grants you flight.
   rCorr:     It protects you from acid and corrosion.
   Fragile:   It will be destroyed if unequipped.
   It falls into the 'Staves' category.
   It is a one-handed weapon.
Jewellery
 e - a ring of flight (right hand)
 i - a +6 ring of intelligence (left hand)
 x - an amulet of magic regeneration (around neck)
 D - a +6 ring of strength
Wands
 y - a wand of acid (13)
 B - a wand of mindburst (10)
 K - a wand of flame (13)
Scrolls
 a - 2 scrolls of vulnerability {unknown}
 f - a scroll of blinking {unknown}
 g - 7 scrolls of noise {unknown}
 h - 2 scrolls of amnesia {unknown}
 j - 6 scrolls of identify {unknown}
 r - 2 scrolls of teleportation {unknown}
 s - a scroll of poison {unknown}
 v - 2 scrolls of immolation {unknown}
 w - 2 scrolls of enchant weapon {unknown}
 F - 2 scrolls of fear {unknown}
 I - a scroll of revelation {unknown}
Potions
 d - a potion of magic
 l - 2 potions of curing {unknown}
 o - a potion of brilliance {unknown}
 p - a potion of lignification {unknown}
 q - 2 potions of heal wounds
 t - 2 potions of might {unknown}
 z - 2 potions of mutation {unknown}
 E - a potion of resistance {unknown}
 G - a potion of experience {unknown}
 H - a potion of attraction {unknown}


   Skills:
 - Level 4.0 Fighting
 + Level 3.6 Armour
 - Level 3.1 Dodging
 - Level 3.0 Stealth
 * Level 13.4 Spellcasting
 + Level 7.6 Conjurations
 + Level 7.1 Summonings
 - Level 1.1 Translocations
 - Level 1.0 Air Magic
 - Level 1.0 Poison Magic


You had 27 spell levels left.
You knew the following spells:

 Your Spells              Type           Power      Damage    Failure   Level
a - Magic Dart            Conj           100%       1d8       1%          1
b - Mephitic Cloud        Conj/Pois/Air  39%        N/A       1%          3
c - Call Imp              Summ           100%       N/A       1%          2
d - Blink                 Tloc           52%        N/A       2%          2

Your spell library contained the following spells:

 Spells                   Type           Power      Damage    Failure   Level
 Scorch                   Fire           40%        2d6       1%          2
 Sting                    Tmut/Pois      92%        1d7       1%          1
 Poisonous Vapours        Pois/Air       52%        N/A       1%          2
 Slow                     Hex            80%        N/A       2%          1
 Cigotuvi's Dreadful Rot  Necr/Pois/Air  48%        N/A       2%          2
 Sublimation of Blood     Necr           20%        N/A       3%          2
 Wereblood                Tmut           20%        N/A       3%          2
 Olgreb's Toxic Radiance  Pois           26%        N/A       4%          4
 Summon Hydra             Summ           29%        N/A       75%         7


Dungeon Overview and Level Annotations

Branches:
Dungeon (9/15)             Temple (0/1) D:7            Lair (0/5) D:8
    Orc: D:9-12

Altars:
Elyvilon
Fedhas
Hepliaklqana
Makhleb
Okawaru
Qazlal
Trog
Vehumet
Wu Jian
Zin


Message History

The sling bullet hits the two-headed ogre.
Lightning courses through the two-headed ogre!
The two-headed ogre is moderately wounded.
The two-headed ogre hits the wyvern with a +0 giant club!!
The wyvern is killed!
Vehumet accepts your kill.
You feel your power returning.
Fire: u) +1 sling (elec)
Press: ? - help, Q - select action, (/) - cycle Shift-Dir - straight line, f/p - two-headed ogre
Aim: a two-headed ogre, wielding a +0 giant club and a +0 giant spiked club (moderately wounded, confused, 86% to hit)
You shoot a sling bullet.
The sling bullet hits the two-headed ogre.
The two-headed ogre is heavily wounded.
Fire: u) +1 sling (elec)
Press: ? - help, Q - select action, (/) - cycle Shift-Dir - straight line, f/p - two-headed ogre
Aim: a two-headed ogre, wielding a +0 giant club and a +0 giant spiked club (heavily wounded, confused, 86% to hit)
You shoot a sling bullet.
The sling bullet barely misses the two-headed ogre.
The basilisk seems less confused.
The two-headed ogre seems less confused.
The basilisk misses you.
The basilisk is engulfed in noxious fumes.
The basilisk appears confused.
The two-headed ogre hits you with a +0 giant club!
The two-headed ogre hits you with a +0 giant spiked club.
The basilisk gazes at you.
You easily resist.
Casting: Mephitic Cloud (safe; 1% risk of failure)
Confirm with . or Enter, or press ? or * to list all spells.
You blink. 2 kobolds come into view.
The two-headed ogre hits you with a +0 giant club.
The two-headed ogre hits you with a +0 giant spiked club!!
* * * LOW HITPOINT WARNING * * *
The basilisk bites you but does no damage.
The kobold moves out of view.
The two-headed ogre attacks as you move away!
The two-headed ogre hits you with a +0 giant club!!
Ouch! That really hurt!
You die...

### ##.#
...####ยง.#
.......Ol#
##.####.@#
#.>..lK.....
#.##........
#. #....Y>..
. ##.......
## .......
#....P.
..P...


You could see a two-headed ogre, a yak (confused), 2 basilisks and a kobold.

Vanquished Creatures
  Erica (D:9)
  An unseen horror skeleton (D:9)
  Grinder (D:6)
  A wyvern (D:8)
  A wraith (D:9)
  5 yaks (D:9)
  A steam dragon (D:9)
  A sky beast (D:7)
  An orc warrior (D:7)
  5 ice beasts
  A black bear (D:6)
  3 ogres
  3 centaurs
  2 phantoms
  A kobold brigand (D:7)
  A bullfrog (D:7)
  6 scorpions
  9 wights
  3 killer bees (D:7)
  A howler monkey (D:9)
  A centaur zombie (D:9)
  An orc priest (D:6)
  A centaur skeleton (D:9)
  Crazy Yiuf (D:2)
  A jelly (D:5)
  A gnoll bouda (D:7)
  2 sleepcaps
  4 iguanas
  5 orc wizards
  A centaur simulacrum (D:9)
  A howler monkey zombie (D:9)
  11 gnolls
  5 adders
  A shadow imp (D:7)
  A white imp (D:7)
  An ufetubus (D:5)
  3 worms
  6 dart slugs
  20 orcs
  5 endoplasms
  3 giant cockroaches
  3 hobgoblins (D:2)
  2 quokkas
  6 ball pythons
  A bat (D:1)
  5 frilled lizards
  7 goblins
  A kobold (D:1)
  2 rats
150 creatures vanquished.

Vanquished Creatures (collateral kills)
  An orc (D:5)
1 creature vanquished.

Grand Total: 151 creatures vanquished

Notes
Turn   | Place    | Note
-------+----------+-------------------------------------------
     0 | D:1      | pokeman the Deep Elf Hedge Wizard began the quest for the
                  | Orb.
     0 | D:1      | Reached XP level 1. HP: 10/10 MP: 7/7
   214 | D:1      | Reached XP level 2. HP: 15/15 MP: 5/9
   793 | D:2      | Reached skill level 5 in Spellcasting
   936 | D:2      | Reached XP level 3. HP: 20/20 MP: 6/11
   940 | D:2      | Learned a level 3 spell: Mephitic Cloud
   943 | D:2      | Learned a level 2 spell: Blink
   946 | D:2      | Learned a level 2 spell: Call Imp
  1143 | D:2      | Found a runed translucent door.
  1144 | D:2      | Noticed Crazy Yiuf
  1272 | D:2      | Reached skill level 1 in Armour
  1394 | D:2      | Reached skill level 1 in Fighting
  1769 | D:2      | Killed Crazy Yiuf
  1770 | D:2      | Reached XP level 4. HP: 12/25 MP: 4/13
  1886 | D:3      | Found an ornate altar of the Wu Jian Council.
  1959 | D:3      | Found a white marble altar of Elyvilon.
  1967 | D:3      | Found a radiant altar of Vehumet.
  1971 | D:3      | Became a worshipper of Vehumet
  2557 | D:4      | Reached skill level 6 in Spellcasting
  2607 | D:4      | Reached XP level 5. HP: 29/29 MP: 10/15
  2756 | D:4      | Found a blossoming altar of Fedhas.
  2793 | D:4      | Reached skill level 1 in Air Magic
  2912 | D:4      | Reached skill level 1 in Poison Magic
  2979 | D:4      | Found a glowing silver altar of Zin.
  3058 | D:4      | Found a hazy altar of Hepliaklqana.
  3060 | D:4      | Noticed an ogre
  3068 | D:4      | Killed an ogre
  3069 | D:4      | Reached XP level 6. HP: 30/34 MP: 14/17
  3072 | D:4      | Reached skill level 7 in Spellcasting
  3343 | D:5      | Entered Level 5 of the Dungeon
  3343 | D:5      | Noticed an ice beast
  3397 | D:4      | Killed an ice beast
  3602 | D:5      | Reached * piety under Vehumet
  3602 | D:5      | Offered knowledge of Shock by Vehumet.
  3725 | D:5      | Noticed an ice beast
  3726 | D:5      | Reached XP level 7. HP: 39/39 MP: 20/20
  3813 | D:5      | Found a bloodstained altar of Trog.
  4133 | D:5      | Reached skill level 8 in Spellcasting
  4580 | D:6      | Noticed Grinder
  4675 | D:6      | Reached XP level 8. HP: 44/44 MP: 19/22
  4806 | D:6      | Killed Grinder
  4807 | D:6      | Reached skill level 9 in Spellcasting
  4967 | D:6      | Reached skill level 5 in Conjurations
  4977 | D:6      | Reached skill level 10 in Spellcasting
  5494 | D:6      | Reached ** piety under Vehumet
  5748 | D:7      | Reached XP level 9. HP: 49/49 MP: 23/25
  5754 | D:7      | Offered knowledge of Searing Ray by Vehumet.
  5755 | D:7      | Reached skill level 5 in Summonings
  5887 | D:7      | Found a stormy altar of Qazlal.
  5962 | D:7      | Reached skill level 11 in Spellcasting
  6174 | D:7      | Found a staircase to the Ecumenical Temple.
  6468 | D:7      | Found an iron altar of Okawaru.
  6969 | D:8      | Found a burning altar of Makhleb.
  7054 | D:8      | Reached skill level 12 in Spellcasting
  7068 | D:8      | Offered knowledge of Scorch by Vehumet.
  7236 | D:8      | You are sucked into a shaft and drop 1 floor!
  7398 | D:9      | Noticed Erica
  7402 | D:9      | Reached *** piety under Vehumet
  7403 | D:9      | Reached XP level 10. HP: 54/56 MP: 28/28
  7442 | D:9      | Killed Erica
  7443 | D:9      | Reached skill level 13 in Spellcasting
  7925 | D:9      | Identified the staff of air "Vomy" {Fragile Fly rElec rCorr
                  | Str+5}
  7935 | D:8      | Found a staircase to the Lair.
  7937 | D:8      | Noticed a two-headed ogre
  7949 | D:8      | Annihilated by a two-headed ogre

Illustrated notes

Levels and vault maps discovered:
D:1:      matt_arrival_los_fun, layout_rooms
D:2:      layout_loops_cross, guppyfry_early_orc_mine, uniq_crazy_yiuf_cottage
D:3:      layout_basic, mainiacjoe_overflow_tiny_flanked,
          amethyst_overflow_temple_binary, kennysheep_generic_room_6
D:4:      layout_loops_ring, zin_academy, mainiacjoe_overflow_catch_the_wave
D:5:      layout_rooms, mainiacjoe_overflow_24_doors
D:6:      layout_loops_ring, columned_hall_lemuel, uniq_grinder
D:7:      layout_loops_ring, nicolae_qazlal_eye_of_the_storm,
          okawaru_ov_weapons_minmay, minmay_temple_entry_butterflies,
          kennysheep_minor_cross, minmay_fractal_squares_5
D:8:      layout_loops_corners, lemuel_crystal_altar, david_lair_generic,
          uniq_maurice
D:9:      layout_long_grid, hangedman_weighted_door, uniq_erica

Skill      XL: |  1  2  3  4  5  6  7  8  9 10 |
---------------+-------------------------------+-----
Spellcasting   | 5 6 7 8 10 12 13 | 13.4
Armour         | 1 2 3 |  3.6
Fighting       | 1 2 3 4 |  4.0
Conjurations   | 2 3 4 5 7 |  7.6
Stealth        | 3 |  3.0
Dodging        | 3 |  3.1
Air Magic      | 1 |  1.0
Poison Magic   | 1 |  1.0
Summonings     | 2 3 4 6 7 |  7.1
Translocations | |  1.1

Action                     |  1- 3 |  4- 6 |  7- 9 | 10-12 || total
---------------------------+-------+-------+-------+-------++-------
  Melee: Dagger            |    11 |       |       |       ||    11
         Quarterstaff      |       |     7 |       |       ||     7
         Sling             |       |       |     1 |       ||     1
   Fire: Sling             |       |    69 |   210 |    46 ||   325
   Cast: Magic Dart        |    72 |    47 |   142 |       ||   261
         Mephitic Cloud    |     2 |     8 |    38 |     7 ||    55
         Call Imp          |     1 |     4 |    11 |       ||    16
         Blink             |       |     3 |    14 |     1 ||    18
  Evoke: Wand              |       |       |       |     2 ||     2
   Stab: Confused          |       |     1 |       |       ||     1
 Armour: Robe              |     1 |     4 |    28 |       ||    33
         Steam dragon scal |       |       |       |    25 ||    25
  Dodge: Dodged            |     4 |    17 |    95 |    32 ||   148

Table legend: (Time is in decaauts)
 A = Elapsed time spent in this place.
 B = Non-inter-level travel time spent in this place.
 C = Inter-level travel time spent in this place.
 D = Time resting spent in this place.
 E = Time spent auto-exploring this place.
 F = Levels seen in this place.
 G = Mean time per level.
                   A        B        C        D        E       F      G
               +--------+--------+--------+--------+--------+-----+--------+
         Total |   8080 |   7694 |    386 |    164 |   5930 |   9 |  897.8 |
       Dungeon |   8080 |   7694 |    386 |    164 |   5930 |   9 |  897.8 |
               +--------+--------+--------+--------+--------+-----+--------+

Top non-repeatable levels by time:
     D:7: 1275 daAuts
     D:5: 1170 daAuts
     D:2: 1123 daAuts
     D:6: 1041 daAuts
     D:4: 1041 daAuts
     D:1: 719 daAuts
     D:9: 718 daAuts
     D:3: 682 daAuts
     D:8: 308 daAuts
